 Dungeon Crawl Stone Soup version 0.16.1-51-g6203257 (webtiles) character file.

937 RepoMan the Firebug (level 7, -3/46 HPs)
             Began as a Mummy Fire Elementalist on Aug 8, 2015.
             Was an Initiate of Ashenzari.
             Slain by an orc
             ... wielding a +0 trident
              (4 damage)
             ... on level 6 of the Dungeon.
             The game lasted 00:39:09 (7158 turns).

RepoMan the Firebug (Mummy Fire Elementalist)       Turns: 7158, Time: 00:39:09

Health: -3/46      AC:  8    Str: 11    XL:     7   Next: 87%
Magic:  17/17      EV: 12    Int: 16    God:    Ashenzari [......]
Gold:   242        SH:  0    Dex: 12    Spells: 5 memorised, 1 level left

rFire  x . .     SeeInvis .     i - +1 dagger (elec)
rCold  + . .     Clarity  .     a - +0 robe
rNeg   + + +     SustAb   .     (no shield)
rPois  ∞         Gourm    .     v - +0 helmet
rElec  .         Spirit   .     n - +1 cloak (curse)
rCorr  .         Warding  .     (no gloves)
rMut   .         Stasis   .     o - +2 pair of boots
MR     .....                    (no amulet)
Stlth  +.........               (no ring)
                                (no ring)

@: confused, not resistant to hostile enchantments, very unstealthy
A: no food or potions, fire vulnerability, restore body, cold resistance 1,
negative energy resistance 3, poison resistance, torment resistance, unbreathing
a: Renounce Religion


You were on level 6 of the Dungeon.
You worshipped Ashenzari.
Ashenzari was noncommittal.
You were not hungry.

You visited 2 branches of the dungeon, and saw 7 of its levels.
You also visited: Sewer.

You collected 242 gold pieces.

Inventory:

Hand weapons
 i - a +1 dagger of electrocution (weapon)
 l - a +0 blowgun
Missiles
 k - 26 poisoned needles
Armour
 a - a +0 robe (worn)
 n - a cursed +1 cloak (worn)
 o - a +2 pair of boots (worn)
 v - a +0 helmet (worn)
Jewellery
 q - a cursed ring of teleportation
Magical devices
 m - a wand of lightning (0)
 r - a wand of slowing (17)
 t - a wand of polymorph (0)
 y - a wand of paralysis (15)
Scrolls
 d - 2 scrolls of recharging
 e - 2 scrolls of enchant weapon
 f - 3 scrolls of identify
 g - 2 scrolls of fear
 h - 3 scrolls of amnesia
 j - 4 scrolls of teleportation
 p - a scroll of enchant armour {unknown}
 s - a scroll of magic mapping {unknown}
 u - a scroll of noise {unknown}
 w - a scroll of silence {unknown}
 x - a scroll of remove curse
Books
 b - a book of Flames

   Spells                             Type                      Level
   a - Flame Tongue                   Conjuration/Fire             1
   b - Throw Flame                    Conjuration/Fire             2
   c - Conjure Flame                  Conjuration/Fire             3
   d - Inner Flame                    Hexes/Fire                   3
   e - Sticky Flame                   Conjuration/Fire             4
   f - Fireball                       Conjuration/Fire             5
 c - a book of Enchantments

   Spells                             Type                      Level
   a - Tukima's Dance                 Hexes                        3
   b - Cause Fear                     Hexes                        4
   c - Silence                        Hexes/Air                    5
   d - Deflect Missiles               Charms/Air                   6
   e - Haste                          Charms                       6
   f - Discord                        Hexes                        8


   Skills:
 - Level 1.5 Dodging
 - Level 1.5 Stealth
 + Level 4.4 Spellcasting
 + Level 3.6 Conjurations
 * Level 5.9 Fire Magic


You had one spell level left.
You knew the following spells:

 Your Spells              Type           Power        Failure   Level  Hunger
a - Flame Tongue          Conj/Fire      ###..        2%          1    N/A
b - Throw Flame           Conj/Fire      ###...       4%          2    N/A
c - Conjure Flame         Conj/Fire      ###.....     10%         3    N/A
d - Sticky Flame          Conj/Fire      ###.....     28%         4    N/A
i - Inner Flame           Hex/Fire       ##......     14%         3    N/A

Dungeon Overview and Level Annotations

Branches:
Dungeon (6/15)             Temple (1/1) D:5

Altars:
Ashenzari
Cheibriados
Elyvilon
Fedhas
Gozag
Kikubaaqudgha
Makhleb
Okawaru
Qazlal
Ru
Sif Muna
Trog
Vehumet
Xom
Yredelemnul
Zin
The Shining One

Annotations:
D:6 ishipenkov's ghost, experienced SpEn


Innate Abilities, Weirdness & Mutations

You do not eat or drink.
Your flesh is vulnerable to fire.
Your flesh is cold resistant.
You are immune to negative energy.
Your system is resistant to poisons.
You are immune to unholy pain and torment.
You can survive without breathing.


Message History

Evoke which item? (* to show all) (? for menu, Esc to quit)
Zapping:
m - a wand of lightning {zapped: 6} (will waste charges)
Press: ? - help, Shift-Dir - straight line You hear a mighty clap of thunder!
The bolt of lightning misses you. The bolt of lightning hits you!
* * * LOW HITPOINT WARNING * * *
Evoking this partially-identified wand wasted a few charges.
You hear a shout!
The orc hits you but does no damage.
Ishipenkov's ghost gestures at you while chanting.
You are more confused.
The orc misses you.
Evoke which item? (* to show all) (? for menu, Esc to quit)
Zapping:
m - a wand of lightning {zapped: 9} (will waste charges)
Press: ? - help, Shift-Dir - straight line Nothing appears to happen.
The orc hits you with a hand axe.
* * * LOW HITPOINT WARNING * * *
Ishipenkov's ghost hits you but does no damage.
The orc hits you from afar with a trident.
You die...

# #### #.##. ##...# #.#...
#......## #...... ........##
##........ .........###
#.........
..........W.#######.........
.........oo@.)..............
.r......########............
......# #####....(... ......
#........ ..... #........
..## ###...... # ##.....
#....# #.####


You could see ishipenkov's ghost and 2 orcs.

Vanquished Creatures
  Grinder (D:4)
  Menkaure (D:4)
  A phantom (D:6)
  A crocodile (Sewer)
  A hound (D:5)
  A crimson imp (D:6)
  An orc wizard (D:5)
  5 worker ants
  10 gnolls
  5 adders
  3 giant mites
  A worm (D:4)
  An ooze (D:4)
  2 giant geckos
  5 orcs
  2 ball pythons
  11 bats
  A bat skeleton (D:5)
  3 giant cockroaches
  18 goblins
  11 hobgoblins
  5 jackals
  3 quokkas
  3 giant newts
  10 kobolds
  A quokka skeleton (D:5)
  8 rats
115 creatures vanquished.

Notes
Turn   | Place    | Note
--------------------------------------------------------------
     0 | D:1      | RepoMan, the Mummy Fire Elementalist, began the quest for the Orb.
     0 | D:1      | Reached XP level 1. HP: 13/13 MP: 3/3
   592 | D:1      | Reached skill level 1 in Conjurations
   592 | D:1      | Reached XP level 2. HP: 19/19 MP: 0/4
   635 | D:1      | Learned a level 2 spell: Throw Flame
  1287 | D:1      | Reached skill level 3 in Fire Magic
  1631 | D:2      | Reached XP level 3. HP: 24/24 MP: 3/6
  1775 | D:2      | Reached XP level 4. HP: 30/30 MP: 0/8
  1782 | D:2      | Learned a level 3 spell: Conjure Flame
  3050 | D:3      | Reached XP level 5. HP: 35/35 MP: 7/11
  3055 | D:3      | Learned a level 3 spell: Inner Flame
  3308 | D:3      | Reached skill level 4 in Fire Magic
  3834 | D:4      | Found a glowing drain.
  3860 | Sewer    | Entered a sewer
  4037 | Sewer    | Reached XP level 6. HP: 41/41 MP: 3/13
  4525 | D:4      | Noticed Menkaure
  4528 | D:4      | Noticed Grinder
  4529 | D:4      | Killed Menkaure
  4540 | D:4      | Paralysed by Grinder for 3 turns
  4546 | D:4      | Killed Grinder
  4546 | D:4      | Reached skill level 5 in Fire Magic
  4546 | D:4      | Reached XP level 7. HP: 40/46 MP: 4/17
  4552 | D:4      | Learned a level 4 spell: Sticky Flame
  5205 | D:5      | Entered Level 5 of the Dungeon
  5572 | D:5      | Found a blossoming altar of Fedhas.
  5574 | D:5      | Found a shattered altar of Ashenzari.
  5576 | D:5      | Found an opulent altar of Gozag.
  5579 | D:5      | Became a worshipper of Ashenzari the Shackled
  5796 | D:5      | Found a staircase to the Ecumenical Temple.
  5801 | Temple   | Entered the Ecumenical Temple
  7140 | D:6      | Noticed ishipenkov's ghost (experienced SpEn)
  7157 | D:6      | HP: 2/46 [bounced beam (2)]
  7158 | D:6      | Slain by an orc

Action                   |  1- 3 |  4- 6 |  7- 9 || total
-------------------------+-------+-------+-------++-------
Melee: Unarmed           |       |     1 |       ||     1
       Dagger            |       |    10 |    15 ||    25
 Fire: Blowgun           |       |    10 |       ||    10
 Cast: Flame Tongue      |    67 |   124 |    81 ||   272
       Throw Flame       |       |     3 |     1 ||     4
       Conjure Flame     |       |     4 |     3 ||     7
       Inner Flame       |       |     2 |     1 ||     3
Evoke: Wand              |       |     1 |     5 ||     6
  Use: Scroll            |       |     5 |       ||     5
